 Dungeon Crawl Stone Soup version 0.28.0-53-g5a82cb258f (webtiles) character file.

Game seed: 13426175506865379509

5 Descartes the Sneak (level 1, -1/7 HPs)
             Began as a Felid Wanderer on July 24, 2022.
             Slain by a jackal (2 damage)
             ... on level 1 of the Dungeon.
             The game lasted 00:00:28 (119 turns).

Descartes the Sneak (Felid Wanderer)                 Turns: 119, Time: 00:00:28

Health: -1/7       AC:  1    Str:  5    XL:     1   Next: 66%
Magic:  3/3        EV: 18    Int: 16    God:
Gold:   0          SH:  0    Dex: 15    Spells: 1/2 levels left
                                        Lives:  0   Deaths: 0

rFire   . . .      SeeInvis +   (weapon unavailable)
rCold   . . .      Faith    .   (shield unavailable)
rNeg    . . .      Spirit   .   (armour unavailable)
rPois   .          Reflect  .   (helmet unavailable)
rElec   .          Harm     .   (cloak unavailable)
rCorr   .          Rampage  .   (gloves unavailable)
Will    .....                   (boots unavailable)
Stlth   +++.......              (no amulet)
HPRegen 0.02/turn               (no ring)
MPRegen 0.08/turn               (no ring)

@: quick
A: very small, claws 1, fangs 3, see invisible, speed 1, shaggy fur 1, stealthy
paws, no weapons or thrown items, no armour, multi-lived
a: no special abilities


You were on level 1 of the Dungeon.
You visited 1 branch of the dungeon, and saw 1 of its levels.

Inventory:

Missiles
 c - 19 stones
Scrolls
 b - a scroll of blinking {unknown}
Potions
 a - a potion of berserk rage


   Skills:
 + Level 4.2 Dodging
 + Level 6.7 Stealth
 + Level 0.5 Unarmed Combat
 - Level 1.0 Spellcasting
 - Level 1.0 Necromancy


You had one spell level left.
You knew the following spells:

 Your Spells              Type           Power      Damage    Failure   Level
a - Animate Skeleton      Necr           8%         N/A       16%         1

Your spell library contained the following spells:

 Spells                   Type           Power      Damage    Failure   Level
 Vampiric Draining        Necr           4%         2d6       41%         3


Dungeon Overview and Level Annotations

Branches:
Dungeon (1/15)

Altars:


Innate Abilities, Weirdness & Mutations

You have sharp claws.
You have razor-sharp teeth.
You have supernaturally acute eyesight. (SInv)
You cover ground quickly. (Speed+)
You are covered in fur. (AC +1)
Your paws help you pounce on unaware monsters.
You are incapable of wielding weapons or throwing items.
You cannot wear armour.
You gain extra lives every three experience levels.


Message History

There is a stone staircase leading down here.
Found a robe.
No target in view! 2 jackals come into view.
The jackal barks! x2
A giant cockroach comes into view.
You barely miss the jackal. The jackal bites you. The jackal barely misses you.
You scratch the jackal but do no damage.
You bite the jackal.
The jackal is moderately wounded.
The jackal completely misses you.
You scratch the jackal but do no damage.
The jackal is moderately wounded.
The jackal completely misses you.
The jackal bites you but does no damage.
The jackal misses you. The jackal completely misses you.
You scratch the jackal.
The jackal is heavily wounded.
The jackal barely misses you. The jackal completely misses you.
You closely miss the jackal.
The jackal is heavily wounded.
The jackal bites you.
* * * LOW HITPOINT WARNING * * *
The jackal misses you.
You are too injured to fight recklessly!
You are too injured to fight recklessly!
You are too injured to fight recklessly!
You are too injured to fight recklessly!
You are too injured to fight recklessly!
You are too injured to fight recklessly!
You are too injured to fight recklessly!
You are too injured to fight recklessly!
You are too injured to fight recklessly!
You are too injured to fight recklessly!
You are too injured to fight recklessly!
You are too injured to fight recklessly!
You are too injured to fight recklessly!
You are too injured to fight recklessly!
The jackal bites you.
You die...
P ...P .......#'# P.PPPPPPP.P

##.....#.# #P[P.$.....P#
#.....#.#
.PPPPPPP.PPP##.###....#.#
............. ..........#
......B.... #.#####.###
#......# #.## #.# #hh#
#..# #.# #.@#+#####.##
#.# #........#..###.#
#...............#
##..............#
#..............#
#..............###
#................#
#................#
###+##[#.........#


You could see 2 jackals and a giant cockroach.

Vanquished Creatures
  A dart slug (D:1)
  An endoplasm (D:1)
  A quokka (D:1)
3 creatures vanquished.

Notes
Turn   | Place    | Note
-------+----------+-------------------------------------------
     0 | D:1      | Descartes the Felid Wanderer began the quest for the Orb.
     0 | D:1      | Descartes set off with the following items: a potion of
                  | berserk rage; and the following spell memorised: Animate
                  | Skeleton; and the following spells available to memorise:
                  | Vampiric Draining
     0 | D:1      | Reached XP level 1. HP: 7/7 MP: 3/3
   119 | D:1      | Slain by a jackal

Illustrated notes

Levels and vault maps discovered:
D:1:      saegor_arrival_miasma, layout_basic, minmay_hedge_maze

Action                   || total
-------------------------++-------
Melee: Unarmed           ||    12
       Bite              ||     2
 Stab: Sleeping          ||     2
Armor: Skin              ||     1
Dodge: Dodged            ||    11
